 Dungeon Crawl Stone Soup version 0.16.2-2-g470672f (webtiles) character file.

32 dvd the Vexing (level 3, -1/12 HPs)
             Began as a Felid Enchanter on Aug 30, 2015.
             Slain by Sigmund
             ... wielding a +0 scythe
              (13 damage)
             ... on level 2 of the Dungeon.
             The game lasted 00:09:33 (1975 turns).

dvd the Vexing (Felid Enchanter)                    Turns: 1975, Time: 00:09:33

Health: -1/12      AC:  2    Str:  6    XL:     3   Next: 8%
Magic:  7/8        EV: 18    Int: 22    God:
Gold:   69         SH:  0    Dex: 16    Spells: 3 memorised, 0 levels left
                                        Lives:  0   Deaths: 0

rFire  . . .     SeeInvis +       - Unarmed
rCold  . . .     Clarity  .     (armour unavailable)
rNeg   . . .     SustAb   .     (shield unavailable)
rPois  .         Gourm    .     (helmet unavailable)
rElec  .         Spirit   .     (cloak unavailable)
rCorr  .         Warding  .     (gloves unavailable)
rMut   .         Stasis   .     (boots unavailable)
MR     .....                    g - amulet of rage
Stlth  ++........               (no ring)
                                (no ring)

@: confused, brilliant, quick, not resistant to hostile enchantments, unstealthy
A: paw claws, no armour, no weapons or thrown items, fangs 3, molten scales 1,
see invisible, carnivore 3, speed 1, frail 1, shaggy fur 1, slow metabolism 1,
strong 1, sharp paws
a: Evoke Berserk Rage


You were on level 2 of the Dungeon.
You were very full.

You visited 1 branch of the dungeon, and saw 2 of its levels.

You collected 69 gold pieces.

Inventory:

Jewellery
 g - an amulet of rage (around neck)
Scrolls
 a - 3 scrolls of identify {unknown}
 e - a scroll of fear {unknown}
 f - 2 scrolls of recharging {unknown}
 j - a scroll of amnesia {unknown}
 m - a scroll of enchant armour {unknown}
Potions
 b - 3 potions of heal wounds
 h - a potion of brilliance
Books
 c - a book of Maledictions

   Spells                             Type                      Level
   a - Corona                         Hexes                        1
   b - Sure Blade                     Hexes/Charms                 2
   c - Ensorcelled Hibernation        Hexes/Ice                    2
   d - Confuse                        Hexes                        3
   e - Dazzling Spray                 Conjuration/Hexes            3
   f - Enslavement                    Hexes                        4
Comestibles
 d - a meat ration
 k - a chunk of flesh
 l - a slice of pizza


   Skills:
 + Level 0.2 Fighting
 + Level 3.1 Dodging
 + Level 4.5 Stealth
 + Level 1.0 Unarmed Combat
 + Level 2.3 Spellcasting
 + Level 4.8 Hexes
 + Level 0.1 Ice Magic


You couldn't memorise any spells.
You knew the following spells:

 Your Spells              Type           Power        Failure   Level  Hunger
a - Corona                Hex            #####..      1%          1    None
b - Ensorcelled Hibernat  Hex/Ice        ####..       1%          2    ##.....
c - Confuse               Hex            #####...     1%          3    ###....


Dungeon Overview and Level Annotations

Branches:
Dungeon (2/15)

Altars:
Nemelex Xobeh
Zin

Annotations:
D:2 Sigmund


Innate Abilities, Weirdness & Mutations

You cannot wear armour.
You are incapable of wielding weapons or throwing items.
You have razor-sharp teeth.
You have supernaturally acute eyesight.
You are carnivorous and can eat meat at any time.
You cover ground quickly.
You are covered in fur (AC +1).
You have a slow metabolism.
Your paws have sharp claws that are effective at stabbing.
You are partially covered in molten scales (AC +1).
You are frail (-10% HP).
Your muscles are strong. (Str +2)


Message History

Ouch! That really hurt!
* * * LOW HITPOINT WARNING * * *
You see here a leather armour.
Sigmund casts a spell.
Sigmund flickers and vanishes for a moment.
Sigmund points at you and mumbles some strange words.
You are confused.
Sigmund says, "Now you see me, now you don't..."
Drink which item? (? for menu, Esc to quit)
It was a potion of heal wounds.
You feel much better.
Drink which item? (? for menu, Esc to quit)
It was a potion of brilliance.
You feel clever all of a sudden.
Drink which item? (? for menu, Esc to quit)
It was a potion of mutation.
You feel extremely strange.
You feel stronger.
You feel frail.
Molten scales grow over part of your body.
Sigmund hits you from afar with a scythe!
Ouch! That really hurt!
You die...

#......#
#(.....#
#......#
##.....##
#.[....#
##.....##
##.8@.#..##
#....###..#
#.8.@#.#..#
##....'_#..#
#..8..#.#..#
#.....###..#
#.#.8..#...#
#.##.....###
#.####..#####
#......>....#
###########.#


You could see Sigmund (invisible).

Vanquished Creatures
  A giant gecko (D:1)
  An ooze (D:2)
  A giant cockroach (D:1)
  2 hobgoblins (D:1)
  4 jackals (D:1)
  5 bats (D:1)
  A giant newt (D:1)
  5 goblins (D:1)
  A kobold (D:1)
  8 rats
29 creatures vanquished.

Notes
Turn   | Place    | Note
--------------------------------------------------------------
     0 | D:1      | dvd, the Felid Enchanter, began the quest for the Orb.
     0 | D:1      | Reached XP level 1. HP: 7/7 MP: 4/4
   333 | D:1      | Reached XP level 2. HP: 3/11 MP: 1/5
   392 | D:1      | Learned a level 2 spell: Ensorcelled Hibernation
   939 | D:1      | Found a sparkling altar of Nemelex Xobeh.
  1427 | D:1      | Reached XP level 3. HP: 14/14 MP: 0/8
  1433 | D:1      | Learned a level 3 spell: Confuse
  1918 | D:2      | Found a glowing silver altar of Zin.
  1957 | D:2      | Noticed Sigmund
  1975 | D:2      | Gained mutation: Your muscles are strong. (Str +2) [potion of mutation]
  1975 | D:2      | Gained mutation: You are frail (-10% HP). [potion of mutation]
  1975 | D:2      | Gained mutation: You are partially covered in molten scales (AC +1). [potion of mutation]
  1975 | D:2      | Slain by Sigmund

Action                   || total
-------------------------++-------
Melee: Unarmed           ||    52
 Cast: Corona            ||    11
       Ensorcelled Hiber ||    18
  Use: Potion            ||     3
 Stab: Sleeping          ||    18
  Eat: Chunk             ||    10
